AoeStats
← Dr. Mókus

Hideout

509136154Analyzed
1v1 RM · 8d ago on Sep 25, 2026· 44m 51s· 2 players
Game mode
Random Map
Map size
Tiny (2 player)
Population
200
Speed
Normal
Resources
Standard
Victory
Conquest
Starting age
Dark Age
Ending age
Imperial Age
RankedLock teamsTeams togetherTeam positionsShared explorationLock speedFull tech treeHidden civsTurbo modeCheats
Victory
Defeat
🇺🇸 Danes · United States
1018
+15
🇭🇺 Franks · Hungary
995
-15
Dr. Mókus
12:25 Feudal Age
17:46 Castle Age
16:01 Double-Bit Axe
17:31 Scale Barding Armor
20:43 Forging
26:46 Gold Mining
30:39 Wheelbarrow
32:19 Fletching
keenerkava
9:29 Loom
11:15 Feudal Age
13:01 Double-Bit Axe
13:09 Stone Mining
16:32 Castle Age
15:42 Gold Mining
17:35 Scale Mail Armor
17:46 Forging
18:18 Fletching
19:03 Horse Collar
25:50 Arson
26:45 Squires
32:36 Bow Saw
32:29 Heavy Plow
34:36 Gold Shaft Mining
35:14 Chain Mail Armor
35:34 Iron Casting
38:18 Wheelbarrow
37:35 Town Watch
41:40 Bodkin Arrow
Connection lost

Rejoining the realm…

Still unreachable

The connection could not be restored.

Session expired

The server has moved on; the page needs a fresh start.